 Dungeon Crawl Stone Soup version 0.18-a0-816-g97f838e (webtiles) character file.

135 Korkiloff the Purveyor of Pain (level 5, -4/24 HPs)
             Began as a Vine Stalker Necromancer on Dec 15, 2015.
             Was an Initiate of Kikubaaqudgha.
             Shot with an arrow by a centaur (14 damage)
             ... on level 3 of the Dungeon.
             The game lasted 00:13:31 (2343 turns).

Korkiloff the Purveyor of Pain (VSNe)               Turns: 2343, Time: 00:13:31

Health: -4/24      AC:  2    Str: 12    XL:     5   Next: 18%
Magic:  0/11       EV: 12    Int: 16    God:    Kikubaaqudgha [......]
Gold:   104        SH:  0    Dex: 15    Spells: 4 memorised, 3 levels left

rFire  . . .     SeeInvis +     v - +2 mace (venom)
rCold  . . .     Clarity  .     a - +0 robe
rNeg   . . .     SustAt   .     (no shield)
rPois  .         Gourm    .     (no helmet)
rElec  .         Spirit   +     (no cloak)
rCorr  +         Dismiss  .     (no gloves)
rMut   .         Stasis   .     (no boots)
MR     .....                    j - amulet of resist corrosion
Stlth  ++........               y - ring of see invisible
                                s - +2 ring of strength

@: not resistant to hostile enchantments, unstealthy
A: fangs 2, regeneration 1, magic shield, antimagic bite, no device heal 3, rot
immunity
a: Renounce Religion


You were on level 3 of the Dungeon.
You worshipped Kikubaaqudgha.
Kikubaaqudgha was noncommittal.
You were not hungry.

You visited 1 branch of the dungeon, and saw 3 of its levels.

You collected 104 gold pieces.

Inventory:

Hand Weapons
 e - a +0 dagger
 k - a +0 spear
 p - a +0 spear
 v - a +2 mace of venom (weapon)
Missiles
 t - 22 bolts
Armour
 a - a +0 robe (worn)
 A - a cursed +0 robe
 B - a +0 robe
Jewellery
 j - an amulet of resist corrosion (around neck)
 s - a +2 ring of strength (left hand)
 y - a ring of see invisible (right hand)
 C - a +6 amulet of reflection {unknown}
Scrolls
 f - a scroll of magic mapping {unknown}
 i - 3 scrolls of identify {unknown}
 l - 3 scrolls of remove curse {unknown}
 q - 2 scrolls of amnesia {unknown}
 r - a scroll of enchant armour {unknown}
 u - a scroll of blinking {unknown}
 w - a scroll of teleportation {unknown}
Potions
 d - a potion of cancellation
 g - a potion of magic {unknown}
 h - 3 potions of curing
 x - a potion of lignification {unknown}
 D - a potion of flight {unknown}
Books
 b - a book of Necromancy

   Spells                             Type                      Level
   a - Pain                           Necromancy                   1
   b - Animate Skeleton               Necromancy                   1
   c - Vampiric Draining              Necromancy                   3
   d - Regeneration                   Charms/Necromancy            3
   e - Animate Dead                   Necromancy                   4
   f - Control Undead                 Necromancy                   4
Comestibles
 c - 2 bread rations
 m - 2 meat rations
 n - 3 fruits
 o - a beef jerky
 z - a chunk of flesh


   Skills:
 + Level 0.1 Fighting
 + Level 0.3 Maces & Flails
 + Level 2.1 Dodging
 + Level 3.1 Stealth
 + Level 0.4 Unarmed Combat
 + Level 3.6 Spellcasting
 + Level 4.8 Necromancy


You had 3 spell levels left.
You knew the following spells:

 Your Spells              Type           Power        Failure   Level  Hunger
a - Pain                  Necr           ###.         2%          1    None
b - Animate Skeleton      Necr           N/A          2%          1    None
c - Vampiric Draining     Necr           ###.......   10%         3    ###....
d - Regeneration          Chrm/Necr      ##........   21%         3    ###....


Dungeon Overview and Level Annotations

Branches:
Dungeon (3/15)

Altars:
Elyvilon
Fedhas
Gozag
Kikubaaqudgha
Makhleb
Pakellas
Qazlal

Annotations:
D:3 tof's ghost, amateur GrMo


Innate Abilities, Weirdness & Mutations

You have extremely sharp teeth.
Your natural rate of healing is unusually fast.
When hurt, damage is shared between your health and your magic reserves.
Your bite disrupts and absorbs the magic of your enemies.
Potions and wands cannot restore your health.
You are immune to rotting.


Message History

You see here an arrow.
The centaur shoots an arrow.
The arrow hits you!
You see here an arrow.
The centaur shoots an arrow.
The arrow closely misses you.
You see here an arrow.
Drink which item? (? for menu, Esc to quit)
It was a potion of curing.
That felt strangely inert.
The centaur shoots an arrow.
The arrow hits you.
You see here an arrow.
The centaur shoots an arrow.
The arrow hits you.
The centaur shoots an arrow.
The arrow barely misses you.
You see here an arrow.
Casting: Pain
Confirm with . or Enter, or press ? or * to list all spells.
You can't see any susceptible monsters within range! (Use Z to cast anyway.) Unknown command.
The centaur shoots an arrow.
The arrow hits you!!
Ouch! That really hurt!
You die...
Kikubaaqudgha rasps: "You have failed me!
Welcome... death!"

#...... #.# ...c...###.#
.#. #.....# #.# #..# #(#
#..# ### #.# #..##
######.## #(# #....
#######.....#.######.#
#.###
#.#∩#.######.(@....c.# #.#
# #.._..# #########.# #.# #
##...## #.........# #.###
#...# #.######### #....
#...# #.# ##### #...# #.#
#### #..Z# #.# #... ###.#
#(###############.##
#.#######.......)..)...##.#


You could see a centaur.

Vanquished Creatures
  2 orc wizards (D:3)
  A giant gecko (D:1)
  3 orcs (D:3)
  2 giant cockroaches
  7 goblins
  11 hobgoblins
  6 kobolds
  A quokka (D:2)
  4 bats
  2 giant newts
  4 rats
43 creatures vanquished.

Vanquished Creatures (collateral kills)
  A hound (D:3)
  A goblin (D:3)
  A hobgoblin (D:2)
  A kobold (D:2)
4 creatures vanquished.

Grand Total: 47 creatures vanquished

Notes
Turn   | Place    | Note
--------------------------------------------------------------
     0 | D:1      | Korkiloff the Vine Stalker Necromancer began the quest for the Orb.
     0 | D:1      | Reached XP level 1. HP: 9/9 MP: 4/4
   269 | D:1      | Reached XP level 2. HP: 8/13 MP: 1/6
   788 | D:1      | Learned a level 1 spell: Animate Skeleton
  1021 | D:2      | Reached XP level 3. HP: 13/16 MP: 1/7
  1163 | D:2      | Found an ancient bone altar of Kikubaaqudgha.
  1163 | D:2      | Found an oddly glowing altar of Pakellas.
  1164 | D:2      | Found a stormy altar of Qazlal.
  1168 | D:2      | Became a worshipper of Kikubaaqudgha
  1194 | D:2      | Found an opulent altar of Gozag.
  1228 | D:2      | Found a blossoming altar of Fedhas.
  1284 | D:2      | Learned a level 3 spell: Vampiric Draining
  1516 | D:2      | Found a white marble altar of Elyvilon.
  1961 | D:3      | Reached XP level 4. HP: 9/21 MP: 2/10
  1962 | D:3      | HP: 1/21 [orc/trident (3)]
  2171 | D:3      | Noticed tof's ghost (amateur GrMo)
  2260 | D:3      | Found a burning altar of Makhleb.
  2268 | D:3      | Reached XP level 5. HP: 24/24 MP: 8/11
  2273 | D:3      | Learned a level 3 spell: Regeneration
  2331 | D:3      | Noticed a centaur
  2343 | D:3      | Shot with an arrow by a centaur

Vault maps used:
D:1:      minmay_arrival_four_loops
D:2:      marbit_many_paths, fedhas_altar_1, nicolae_overflow_quartered_altars,
          nicolae_underground_beach
D:3:      makhleb_heckhound_becter, uniq_sigmund

Action                   |  1- 3 |  4- 6 || total
-------------------------+-------+-------++-------
Melee: Unarmed           |    49 |       ||    49
       Mace              |    13 |    10 ||    23
 Cast: Pain              |    45 |    11 ||    56
       Animate Skeleton  |     9 |     3 ||    12
  Use: Potion            |     1 |     1 ||     2
 Stab: Sleeping          |     2 |     2 ||     4
       Distracted        |     1 |       ||     1
  Eat: Chunk             |     4 |     1 ||     5
